Map: 2000 Atmospheres LE

Players

blackroach

  • Race: Protoss Protoss
  • League: Gold

Menes - Winner!

  • Race: Terran Terran
  • League: Gold

VOD

Have the link to the VOD?

Description

Time

  • Played on: May 21, 2021, 5:43 p.m.
  • Length: 19:41
Show
View Real Time Build Order
Export as new Build Order

blackroach Protoss 

Build Orders:  

Get SALT Encoding   

  12  0:00  Probe  
  13  0:12  Probe  
  14  0:22  Pylon  
  14  0:28  Probe (Chrono Boost)  
  15  0:40  Probe (Chrono Boost)  
  16  0:43  Gateway  
  16  0:46  Probe  
  17  0:53  Assimilator  
  17  0:58  Probe  
  17  1:00  Assimilator  
  18  1:10  Probe  
  19  1:22  Probe  
  20  1:37  Cybernetics Core  
  20  1:42  Probe (Chrono Boost)  
  21  1:47  Pylon  
  21  1:51  Probe (Chrono Boost)  
  22  1:56  Probe (Chrono Boost)  
  23  2:05  Nexus  
  23  2:06  Pylon  
  23  2:16  Probe  
  23  2:18  Stalker (Chrono Boost)  
  23  2:20  Warp Gate  
  26  2:28  Probe  
  27  2:38  Pylon  
  27  2:40  Probe  
  27  2:45  Stalker (Chrono Boost)  
  28  3:08  Stalker, Probe  
  31  3:18  Probe (Chrono Boost)  
  32  3:20  Probe (Chrono Boost)  
  33  3:29  Pylon  
  33  3:30  Probe (Chrono Boost)  
  34  3:35  Twilight Council  
  34  3:40  Robotics Facility  
  34  3:47  Stalker  
  36  3:50  Gateway  
  36  3:51  Gateway  
  36  3:57  Probe x2  
  36  3:59  Shield Battery  
  38  4:09  Probe x2, Blink (Chrono Boost)  
  40  4:21  Probe x2  
  42  4:26  Stalker  
  44  4:33  Probe, Assimilator  
  44  4:34  Probe  
  44  4:36  Assimilator  
  46  4:41  Immortal (Chrono Boost)  
  50  4:45  Probe  
  50  4:46  Probe  
  52  4:58  Probe x2  
  54  5:01  Pylon  
  54  5:11  Gateway  
  54  5:12  Gateway  
  54  5:14  Observer, Zealot x3  
  59  5:17  Probe x2  
  63  5:29  Probe x2  
  63  5:35  Sentry x2, Immortal (Chrono Boost)  
  73  5:37  Stalker  
  75  5:54  Gateway  
  75  5:59  Charge (Chrono Boost)  
  75  6:02  Gateway  
  75  6:03  Gateway  
  75  6:10  Zealot  
  77  6:20  Pylon  
  77  6:22  Pylon  
  77  6:24  Pylon  
  77  6:38  Warp Prism  
  79  6:40  Stalker x3  
  79  6:41  Stalker x2  
  89  6:52  Zealot  
  91  7:03  Pylon  
  91  7:04  Stalker x2  
  91  7:05  Stalker x2  
  91  7:06  Pylon  
  99  7:13  Stalker  
  101  7:22  Stalker x3  
  107  7:36  Pylon  
  107  7:38  Pylon  
  107  7:40  Pylon  
  107  7:44  Stalker x2  
  107  7:47  Stalker  
  113  8:17  Zealot x2  
  113  8:18  Zealot x4  
  113  8:19  Zealot x2  
  77  9:00  Stalker x5  
  77  9:01  Stalker x2  
  59  9:38  Zealot x2  
  59  9:39  Zealot x6  
  71  10:18  Nexus  
  71  10:20  Assimilator  
  71  10:24  Assimilator  
  71  10:27  Forge  
  71  10:30  Pylon  
  71  10:31  Forge  
  71  10:32  Pylon  
  71  10:34  Pylon  
  71  10:38  Immortal (Chrono Boost)  
  75  10:43  Zealot x3  
  75  10:44  Zealot x2  
  85  10:53  Templar Archives  
  85  11:05  Protoss Ground Armor Level 1 (Chrono Boost)  
  85  11:07  Immortal (Chrono Boost), Protoss Ground Weapons Level 1 (Chrono Boost)  
  89  11:17  Stalker x3  
  89  11:18  Stalker  
  97  11:29  High Templar  
  97  11:30  High Templar x3  
  105  11:33  Archon  
  105  11:34  Archon  
  105  11:41  Probe (Chrono Boost)  
  105  11:42  Probe (Chrono Boost)  
  105  11:43  Probe (Chrono Boost)  
  108  11:51  Probe (Chrono Boost)  
  108  11:52  Probe x2 (Chrono Boost)  
  111  12:02  Photon Cannon  
  111  12:03  Photon Cannon  
  111  12:05  Photon Cannon  
  111  12:10  High Templar x5  
  111  12:11  High Templar x3  
  111  12:14  Archon x3  
  111  12:15  Archon  
  127  12:29  Observer (Chrono Boost)  
  128  12:43  Immortal (Chrono Boost)  
  132  12:50  Probe x3  
  135  13:16  Zealot  
  135  13:17  Zealot x4  
  135  13:18  Zealot x3  
  151  13:30  Robotics Bay  
  143  14:01  Stalker x3  
  143  14:02  Stalker x3  
  155  14:03  Stalker  
  157  14:28  Forge  
  157  14:32  Forge  
  157  14:34  Pylon  
  157  14:35  Pylon  
  157  14:36  Zealot x5  
  157  14:37  Zealot x3  
  173  14:39  Pylon  
  173  14:41  Pylon  
  173  14:46  Colossus (Chrono Boost)  
  173  14:50  Extended Thermal Lance (Chrono Boost)  
  179  15:03  Robotics Facility  
  179  15:23  Colossus  
  179  15:26  Nexus  
  185  15:52  Zealot x3  
  185  15:53  Zealot x3  
  185  15:56  High Templar  
  199  16:06  Protoss Ground Weapons Level 2 (Chrono Boost)  
  199  16:08  Protoss Ground Armor Level 2 (Chrono Boost)  
  197  16:25  Pylon  
  197  16:28  Pylon  
  77  16:57  Stalker  
  77  16:58  Stalker x5  
  77  16:59  Stalker x2  
  93  17:25  Probe x2  
  93  17:26  Probe  
  96  17:32  Assimilator x2  
  96  17:35  High Templar x2  
  96  17:36  High Templar x6  
  112  17:37  Probe  
  112  17:39  Colossus (Chrono Boost)  
  112  17:40  Colossus (Chrono Boost)  
  125  18:08  Archon  
  125  18:09  Archon x3  
  125  18:11  Zealot x3  
  125  18:12  Zealot x5  
  141  18:23  Colossus x2 (Chrono Boost)  
  153  18:57  Zealot x7  
Show
View Real Time Build Order
Export as new Build Order

Menes Terran - Winner!

Build Orders: Reaper Expand 

Get SALT Encoding   

  12  0:00  SCV  
  13  0:15  Supply Depot  
  13  0:17  SCV  
  14  0:29  SCV  
  15  0:38  Barracks  
  15  0:41  SCV  
  16  0:45  Refinery  
  16  0:53  SCV  
  17  1:05  SCV  
  18  1:17  SCV  
  19  1:28  Reaper  
  19  1:29  Orbital Command  
  20  1:40  Command Center  
  20  1:50  Refinery  
  20  1:56  SCV  
  21  2:08  Factory  
  21  2:11  SCV  
  22  2:18  Supply Depot  
  22  2:23  SCV  
  22  2:26  Barracks Reactor  
  23  2:39  SCV  
  24  2:52  SCV  
  25  3:00  Orbital Command  
  25  3:02  Factory Tech Lab  
  25  3:04  SCV  
  25  3:07  Starport  
  25  3:08  Marine x2  
  25  3:11  Barracks  
  27  3:16  SCV  
  28  3:25  Siege Tank  
  32  3:27  SCV  
  32  3:28  SCV  
  32  3:33  Marine x2  
  35  3:37  Supply Depot  
  35  3:39  SCV  
  35  3:40  SCV  
  37  3:45  Starport Reactor  
  37  3:51  Marine  
  37  3:52  SCV  
  37  3:53  SCV  
  40  3:56  Marine  
  40  3:57  Siege Tank  
  40  3:58  Barracks Tech Lab  
  40  3:59  Supply Depot  
  44  4:04  SCV  
  44  4:05  SCV  
  46  4:11  Supply Depot  
  46  4:12  Marine  
  46  4:14  Marine  
  46  4:16  SCV  
  49  4:17  SCV  
  49  4:21  Supply Depot  
  50  4:26  Stimpack  
  50  4:27  Marauder  
  50  4:28  SCV  
  50  4:29  SCV  
  50  4:30  Marine  
  55  4:32  Marine  
  56  4:40  SCV  
  56  4:42  SCV  
  56  4:43  Supply Depot  
  58  4:46  Medivac  
  58  4:47  Medivac  
  58  4:48  Marine x2  
  64  4:53  SCV  
  64  4:54  SCV  
  66  5:01  Refinery  
  66  5:03  Refinery  
  66  5:05  SCV  
  66  5:06  SCV, Marauder  
  70  5:15  Command Center  
  70  5:17  SCV  
  70  5:18  SCV  
  72  5:22  Marine x2  
  72  5:25  Medivac  
  72  5:27  Medivac, Marine  
  79  5:29  SCV  
  80  5:41  Engineering Bay x2  
  80  5:44  Armory  
  80  5:48  Siege Tank  
  83  5:52  Supply Depot  
  83  5:56  SCV, Supply Depot  
  84  6:09  Marine x2  
  86  6:13  Combat Shield  
  86  6:15  Supply Depot  
  86  6:17  Terran Infantry Armor Level 1  
  86  6:19  Supply Depot  
  86  6:20  Terran Infantry Weapons Level 1  
  86  6:24  SCV x2  
  88  6:36  SCV  
  88  6:39  Planetary Fortress  
  89  6:49  Marauder  
  89  6:50  Siege Tank  
  94  7:03  Barracks  
  94  7:04  Terran Vehicle Weapons Level 1  
  94  7:05  SCV x2, Barracks  
  94  7:08  Barracks  
  96  7:11  Marauder  
  98  7:17  SCV  
  98  7:18  SCV, Marine x2  
  98  7:21  SCV  
  106  7:22  Siege Tank  
  106  7:29  SCV  
  107  7:30  SCV, Refinery x2  
  107  7:32  Marauder  
  107  7:33  SCV  
  111  7:41  SCV  
  111  7:42  SCV  
  113  7:46  SCV  
  114  7:52  Command Center  
  114  7:53  SCV  
  114  7:54  SCV  
  114  7:55  Barracks Tech Lab  
  114  7:56  Barracks Tech Lab  
  114  7:58  SCV  
  117  8:07  Marauder  
  117  8:09  Barracks Tech Lab  
  117  8:11  Terran Infantry Armor Level 2  
  119  8:15  Barracks x2  
  119  8:18  Barracks  
  118  8:29  Marauder  
  79  8:50  Marauder  
  79  8:52  Marine x5  
  73  9:05  Siege Tank  
  73  9:09  Marine  
  68  9:10  Marine x2, Marauder  
  68  9:12  Marauder  
  70  9:28  Marauder x2  
  73  9:32  Marauder  
  73  9:33  Marauder  
  73  9:37  Siege Tank  
  80  9:43  Barracks Tech Lab x3  
  74  10:03  Marine, Marauder x4  
  74  10:04  Marine x4  
  74  10:06  Terran Infantry Weapons Level 2  
  87  10:12  Orbital Command  
  87  10:19  Supply Depot  
  87  10:21  Marine x5  
  87  10:22  Supply Depot x2  
  87  10:23  Supply Depot  
  87  10:24  Marine x4  
  96  10:30  Siege Tank  
  96  10:34  Terran Vehicle Weapons Level 2  
  99  10:39  Marine x2  
  99  10:41  SCV x2, Marauder x3  
  109  10:43  SCV  
  109  10:44  Marauder x4  
  118  10:53  SCV  
  118  10:57  Marine  
  119  11:01  Factory  
  119  11:02  Siege Tank  
  123  11:06  Medivac x2  
  127  11:16  Command Center  
  127  11:17  Marauder  
  127  11:18  Marauder x2  
  133  11:19  Concussive Shells  
  133  11:38  Terran Infantry Armor Level 3  
  133  11:44  Factory, Factory Tech Lab  
  133  12:10  Command Center  
  133  12:15  Supply Depot  
  133  12:17  Supply Depot  
  133  12:21  Supply Depot  
  133  12:23  Medivac x2, Marine  
  133  12:24  SCV x3  
  133  12:25  Supply Depot  
  133  12:27  Marine x5  
  133  12:28  Marauder x3  
  152  12:36  SCV x3  
  155  12:41  Marine  
  156  12:45  Marine x5  
  156  12:48  SCV x2, Marine x3  
  166  12:53  Medivac x2  
  170  12:59  Marine  
  170  13:04  Refinery  
  171  13:05  Planetary Fortress  
  171  13:06  Command Center  
  171  13:08  Command Center  
  171  13:09  SCV  
  171  13:11  SCV x2  
  174  13:21  SCV, Planetary Fortress  
  174  13:23  SCV  
  174  13:24  SCV  
  177  13:34  SCV  
  172  14:12  Factory Tech Lab  
  172  14:15  Factory Reactor  
  172  14:16  Siege Tank  
  170  14:19  Siege Tank  
  170  14:20  Terran Infantry Weapons Level 3  
  170  14:21  Marine  
  170  14:22  Marine x8  
  182  14:25  Planetary Fortress  
  182  14:28  Planetary Fortress  
  182  14:39  Marine  
  182  14:40  Marauder x5  
  193  14:45  Sensor Tower  
  193  14:48  Siege Tank  
  193  14:51  Siege Tank  
  199  14:56  Sensor Tower  
  199  15:06  Sensor Tower  
  199  15:12  Sensor Tower  
  199  15:25  Terran Vehicle Weapons Level 3  
  199  15:27  Neosteel Armor  
  199  15:39  Refinery  
  199  15:47  Ghost Academy, Refinery  
  199  15:54  Smart Servos  
  98  16:55  Marine x9  
  98  16:57  Siege Tank  
  98  16:58  Siege Tank  
  98  16:59  Widow Mine  
  113  17:11  Refinery  
  113  17:12  Medivac x2, Marine  
  113  17:13  Marine x5, Drilling Claws  
  113  17:14  Marauder x3  
  132  17:30  Siege Tank x2  
  132  17:31  Marauder x2  
  132  17:32  Marauder x2  
  132  17:33  Widow Mine x2, Sensor Tower  
  132  17:35  Marauder x3  
  153  17:39  Marine x2  
  153  17:42  Medivac  
  157  17:53  Marauder x4  
  157  17:54  Widow Mine  
  157  17:55  Widow Mine  
  157  17:56  Marauder x2  
  157  17:57  Marine x2, Marauder  
  177  18:02  Siege Tank x2  
  183  18:14  Marine, Marauder x4  
  183  18:15  Marine  
  183  18:16  Widow Mine  
  183  18:17  Marine  
  183  18:18  Marauder x2  
Tags
 
Add a new tag
Caveats
  • Supply blocks, unpowered buildings, or Contaminate may cause inaccurate times.
  • Supply counts are checked every 10 seconds.